 Dungeon Crawl Stone Soup version bcrawl-1.17.3 (webtiles) character file.

Game seed: 2517379353889002337

221 Chiseanne the Ducker (level 5, -3/38 HPs)
             Began as a Mummy Archaeologist on Oct 24, 2019.
             Slain by a centaur (6 damage)
             ... on level 4 of the Dungeon.
             The game lasted 00:06:33 (3504 turns).

Chiseanne the Ducker (Mummy Archaeologist)          Turns: 3504, Time: 00:06:33

Health: -3/38      AC:  8    Str: 15    XL:     5   Next: 65%
Magic:  5/5        EV: 13    Int: 14    God:
Gold:   295        SH:  0    Dex: 10    Spells: 4/4 levels left

rFire    x . .     SeeInvis .   a - +3 short sword
rCold    + . .     Gourm    .   (no shield)
rNeg     + + +     Faith    .   i - +0 ring mail
rPois    ∞         Spirit   .   c - +1 hat
rElec    .         Reflect  .   (no cloak)
rCorr    .         Harm     .   (no gloves)
MR       .....     Clarity  +   d - +1 pair of boots
Stlth    +.........             (no amulet)
HPRegen  0.12/turn              (no ring)
MPRegen  0.09/turn              (no ring)

@: studying Dodging
A: no food or potions, fire vulnerability, clarity, cold resistance 1, negative
energy resistance 3, torment resistance, unbreathing
a: no special abilities


You were on level 4 of the Dungeon.
You were not hungry.

You visited 1 branch of the dungeon, and saw 4 of its levels.

You collected 295 gold pieces.

Inventory:

Hand Weapons
 a - a +3 short sword (weapon)
 h - a cursed -3 dagger
Missiles
 b - 736 stones (quivered)
 g - 99 tomahawks
 n - 218 poisoned needles
 o - 237 arrows
Armour
 c - a +1 hat (worn)
 d - a +1 pair of boots (worn)
 i - a +0 ring mail (worn)
Scrolls
 j - a scroll of teleportation
 k - 3 scrolls of remove curse
 l - 5 scrolls of identify
Books
 e - a manual of Dodging
Miscellaneous
 f - an ancient crate


   Skills:
 - Level 2.0 Fighting
   Level 0.7 Maces & Flails
 - Level 0.9 Armour
 + Level 6.4 Dodging
 - Level 2.6 Stealth


You had 4 spell levels left.
You didn't know any spells.
Your spell library was empty.

Dungeon Overview and Level Annotations

Branches:
Dungeon (4/12)
 Temple: D:4-7

Altars:
Ru
Sif Muna
Trog

Portals:
Sewer: D:3

Annotations:
D:3 Sigmund


Innate Abilities, Weirdness & Mutations

You do not eat or drink.
Your flesh is vulnerable to fire.
You are immune to poison.
You possess an exceptional clarity of mind.
Your flesh is cold resistant. (rC+)
You are immune to negative energy. (rN+++)
You are immune to unholy pain and torment.
You can survive without breathing.


Message History

The centaur hits you but does no damage.
The centaur closely misses you.
You barely miss the centaur.
The centaur is severely wounded.
The centaur hits you but does no damage. x2
You barely miss the centaur.
The centaur is severely wounded.
The centaur closely misses you.
You hit the centaur.
The centaur is almost dead.
The centaur misses you.
The centaur hits you but does no damage.
You hit the centaur but do no damage.
The centaur is almost dead.
The centaur barely misses you. The centaur hits you.
* * * LOW HITPOINT WARNING * * *
You closely miss the centaur.
The centaur is almost dead.
The centaur hits you.
You die...

#.......................
#................
.......
#.........<.......
.......
###.....#.....##..
....... #.....#.....#..#
.......
##..........#..##......#
#...##......#.........#
##......#...#.........#
###...@...............
.#!..c.##...#.#......
.........##...###......
.........#...... ......
###............. .....
##.#........... .....
#.#....##......
####...##....... #.<#


You could see a centaur.

Vanquished Creatures
  A scorpion (D:4)
  A crimson imp (D:4)
  An orc wizard (D:4)
  2 oozes (D:2)
  4 worms
  3 dart slugs
  9 leopard geckos
  3 orcs
  2 giant cockroaches
  5 goblins
  6 hobgoblins
  7 jackals
  4 quokkas
  A bat (D:1)
  3 frilled lizards
  10 kobolds
  A leopard gecko zombie (D:3)
  4 rats
67 creatures vanquished.

Notes
Turn   | Place    | Note
-------+----------+-------------------------------------------
     0 | D:1      | Chiseanne the Mummy Archaeologist began the quest for the
                  | Orb.
     0 | D:1      | Reached XP level 1. HP: 15/15 MP: 1/1
   261 | D:1      | Reached XP level 2. HP: 21/21 MP: 2/2
   950 | D:2      | Reached XP level 3. HP: 27/27 MP: 3/3
  1210 | D:1      | Reached skill level 3 in Dodging
  1905 | D:2      | Reached skill level 4 in Dodging
  2233 | D:2      | Reached XP level 4. HP: 28/33 MP: 4/4
  2315 | D:2      | Found a sacrificial altar of Ru.
  2566 | D:3      | Noticed Sigmund
  2599 | D:4      | Noticed an ogre
  2800 | D:3      | Found a shimmering blue altar of Sif Muna.
  3130 | D:3      | Found a glowing drain.
  3278 | D:4      | Found a bloodstained altar of Trog.
  3287 | D:4      | Noticed a centaur
  3333 | D:4      | Reached skill level 5 in Dodging
  3333 | D:4      | Reached XP level 5. HP: 32/38 MP: 5/5
  3485 | D:4      | Reached skill level 6 in Dodging
  3504 | D:4      | Slain by a centaur

Skill      XL: |  1  2  3  4  5 |
---------------+----------------+-----
Fighting       | 2 |  2.0
Dodging        | 4 5 6 |  6.4
Maces & Flails | |  0.7
Armour         | |  0.9
Stealth        | |  2.6

Action                   |  1- 3 |  4- 6 || total
-------------------------+-------+-------++-------
Melee: Whip              |   140 |       ||   140
       Short sword       |    90 |   194 ||   284
  Use: Scroll            |       |    12 ||    12
 Stab: Sleeping          |     1 |       ||     1
Armor: Robe              |     8 |       ||     8
       Ring mail         |    89 |    67 ||   156
Dodge: Dodged            |   183 |   129 ||   312
